 Dungeon Crawl Stone Soup version 0.30.0-5-g1a98f26d00 (webtiles) character file.

Game seed: 12463596435177602537

628 retardedninja the Chopper (level 7, -2/61 HPs)
             Began as a Hill Orc Fighter on May 8, 2023.
             Slain by an orc warrior
             ... wielding a +0 trident
              (12 damage)
             ... on level 7 of the Dungeon.
             The game lasted 00:04:22 (4177 turns).

retardedninja the Chopper (Hill Orc Fighter)        Turns: 4177, Time: 00:04:23

Health: -2/61      AC: 11    Str: 21    XL:     7   Next: 48%
Magic:  7/7        EV:  8    Int:  8    God:
Gold:   163        SH:  4    Dex: 10    Spells: 6/6 levels left

rFire   . . .        a - +0 war axe
rCold   . . .        c - +0 buckler
rNeg    . . .        k - +0 chain mail
rPois   .            n - +0 helmet
rElec   .            (no cloak)
rCorr   .            (no gloves)
SInv    .            (no boots)
Will    .....        (no amulet) Stlth
                     (no ring)
HPRegen 0.30/turn    (no ring)
MPRegen 0.10/turn

%: no passive effects
@: no status effects
A: no striking features
a: Convert to Beogh


You were on level 7 of the Dungeon.
You visited 2 branches of the dungeon, and saw 8 of its levels.

You collected 163 gold pieces.

Inventory:

Hand Weapons
 a - a +0 war axe (weapon)
Missiles
 e - a throwing net (quivered)
Armour
 c - a +0 buckler (worn)
 k - a +0 chain mail (worn)
 n - a +0 helmet (worn)
Scrolls
 b - a scroll of enchant armour {unknown}
 f - 2 scrolls of torment
 h - a scroll of noise
 i - a scroll of fear {unknown}
 j - 2 scrolls of magic mapping {unknown}
 l - 3 scrolls of identify {unknown}
 m - a scroll of vulnerability {unknown}
 o - 2 scrolls of brand weapon {unknown}


   Skills:
 + Level 5.3 Fighting
 + Level 6.1 Axes
 + Level 6.0 Armour
 + Level 1.9 Dodging
 + Level 4.1 Shields


You had 6 spell levels left.
You didn't know any spells.
Your spell library contained the following spells:

 Spells                   Type           Power      Damage    Failure   Level
 Ensorcelled Hibernation  Hex/Ice        0%         N/A       99%         2
 Passwall                 Tmut/Erth      0%         N/A       99%         2
 Swiftness                Air            0%         N/A       100%        3


Dungeon Overview and Level Annotations

Branches:
Dungeon (7/15)             Temple (1/1) D:4

Altars:
Ashenzari
Dithmenos
Elyvilon
Fedhas
Gozag
Kikubaaqudgha
Makhleb
Nemelex Xobeh
Qazlal
Sif Muna
Trog
Uskayaw
Xom
Yredelemnul
The Shining One

Annotations:
D:4 exclusion: downstairs


Message History

The orc warrior closely misses you.
The orc warrior hits you from afar with a +0 trident.
* * * LOW HITPOINT WARNING * * *
You barely miss the orc priest.
The orc priest hits you but does no damage.
The orc warrior hits you from afar with a +0 trident!
* * * LOW HITPOINT WARNING * * *
It was a potion of flight.
You feel very buoyant.
You fly up into the air.
The orc priest threatens, "By the altar or by the axe, you will meet Beogh!"
The orc priest closely misses you. You block the orc warrior's attack.
It was a potion of haste.
You feel yourself speed up. You block the orc priest's attack.
The orc warrior hits you from afar with a +0 trident.
* * * LOW HITPOINT WARNING * * *
The orc priest looks encouraged for a moment.
Your extra speed is starting to run out.
You are starting to lose your buoyancy.
You feel yourself slow down.
You float gracefully downwards.
Found a red potion.
Found 6 poisoned darts.
A white imp comes into view.
Found a stone staircase leading down.
The white imp shouts, "Bolt, thou dankish nose-picking gonus!"
The white imp hits you but does no damage.
You closely miss the white imp. The white imp hits you.
The white imp freezes you.
The orc warrior hits you from afar with a +0 trident!
* * * LOW HITPOINT WARNING * * *
The orc warrior hits you from afar with a +0 trident.
* * * LOW HITPOINT WARNING * * *
You block the white imp's attack.
You hit the white imp but do no damage. The orc warrior barely misses you.
The white imp hits you but does no damage.
You hit the white imp.
The white imp is moderately wounded.
The orc warrior hits you from afar with a +0 trident!
You die...

. ####o# #.# . ##o.
.. +... ... #### ...
# .. ####.# ###
#.@5.# #.. #.####
#.# #.. #o# #.# #..
#o# ##!## ##. #.#
##...## #. #.#
#..... #.
##.#######... #.
#.......# #.#######.
#.#...#.###.........


You could see an orc warrior, an orc priest and a white imp.

Vanquished Creatures
  A black bear (D:6)
  2 scorpions (D:4)
  2 crimson imps (D:3)
  An orc priest (D:4)
  2 hounds
  A gnoll bouda (D:6)
  2 orc wizards
  2 iguanas
  Robin (D:3)
  3 gnolls (D:6)
  3 adders
  An ufetubus (D:4)
  A dart slug (D:1)
  9 orcs
  2 bats (D:2)
  2 endoplasms (D:3)
  A giant cockroach (D:3)
  14 goblins
  3 hobgoblins (D:3)
  3 kobolds
  2 quokkas
  3 frilled lizards
61 creatures vanquished.

Notes
Turn   | Place    | Note
-------+----------+-------------------------------------------
     0 | D:1      | retardedninja the Hill Orc Fighter began the quest for the
                  | Orb.
     0 | D:1      | Reached XP level 1. HP: 19/19 MP: 1/1
   269 | D:1      | Reached XP level 2. HP: 25/27 MP: 2/2
   277 | D:1      | You fall into a shaft and drop 1 floor!
   598 | D:3      | Reached XP level 3. HP: 23/33 MP: 3/3
   725 | D:3      | Found a shimmering altar of Xom.
   755 | D:3      | Reached XP level 4. HP: 41/41 MP: 4/4
  1361 | D:3      | Noticed Robin
  1371 | D:3      | Killed Robin
  1372 | D:3      | Reached XP level 5. HP: 46/47 MP: 5/5
  1738 | D:4      | Found a staircase to the Ecumenical Temple.
  1765 | Temple   | Entered the Ecumenical Temple
  1934 | D:4      | Found a shimmering blue altar of Sif Muna.
  2318 | D:4      | Reached XP level 6. HP: 35/55 MP: 6/6
  2329 | D:4      | Reached skill level 5 in Armour
  2329 | D:4      | Reached skill level 1 in Dodging
  2499 | D:4      | HP: 2/55 [something (2)]
  2513 | D:4      | Reached skill level 5 in Axes
  2823 | D:5      | Entered Level 5 of the Dungeon
  2990 | D:5      | Reached skill level 5 in Fighting
  3074 | D:6      | Reached XP level 7. HP: 48/61 MP: 7/7
  4099 | D:7      | HP: 3/61 [orc warrior/+0 trident (4)]
  4177 | D:7      | Slain by an orc warrior

Illustrated notes

Levels and vault maps discovered:
D:1:      dpeg_arrival_arbitrary_c, layout_basic
D:2:      layout_loops_ring, serial_forest, infiniplex_forest_end_3,
          infiniplex_forest_end_2, infiniplex_forest_straight_1,
          infiniplex_forest_straight_4, infiniplex_forest_straight_2,
          infiniplex_forest_end_2, infiniplex_forest_lined_3,
          infiniplex_forest_clump_double, infiniplex_forest_zigzag_1,
          infiniplex_forest_lined_3, minmay_misc_feat_columns,
          dk_noncrumbling_2, minmay_door_square, nrook_mini_vaults,
          hangedman_decor_diamond_cutter
D:3:      layout_basic, led_xom_imps, slow_altar_2, uniq_robin
D:4:      layout_loops_corners, led_sif_book,
          minmay_temple_entry_drinking_statues, uniq_blork_the_orc
D:5:      minmay_recursive_quarters, layout_basic,
          nicolae_hepliaklqana_hippocampus, serial_park_tiny_2
D:6:      layout_loops_ring
D:7:      layout_loops_corners, serial_shops, shop
Temple:   nicolae_temple_ecumenical_triangle

Skill      XL: |  1  2  3  4  5  6  7 |
---------------+----------------------+-----
Fighting       | 4 5 |  5.3
Axes           | 3 4 5 6 |  6.1
Armour         | 4 5 6 |  6.0
Dodging        | 1 |  1.9
Shields        | 4 |  4.1

Action                     |  1- 3 |  4- 6 |  7- 9 || total
---------------------------+-------+-------+-------++-------
  Melee: War axe           |    64 |   127 |    52 ||   243
    Use: Potion            |       |     3 |     3 ||     6
         Scroll            |       |       |     2 ||     2
 Armour: Scale mail        |    38 |    58 |       ||    96
         Skin              |       |     8 |       ||     8
         Chain mail        |       |       |    44 ||    44
  Dodge: Dodged            |    40 |    54 |    26 ||   120
  Block: Buckler           |    12 |    23 |    17 ||    52
